 Dungeon Crawl Stone Soup version 0.31.0-9-g3a7656b989 (webtiles) character file.

Game seed: 49903142745251536

89 qw the Shooter (level 4, 0/25 HPs)
             Began as a Deep Elf Hunter on Feb 3, 2024.
             Slain by a bombardier beetle (2 damage)
             ... on level 3 of the Dungeon.
             The game lasted 00:00:32 (2051 turns).

qw the Shooter (Deep Elf Hunter)                    Turns: 2051, Time: 00:00:33

Health: 0/25       AC:  3    Str:  8 (10) XL:     4   Next: 31%
Magic:  6/6        EV: 12    Int: 12 (14) God:
Gold:   101        SH:  0    Dex: 18      Spells: 3/3 levels left

rFire   . . .        a - +0 shortbow
rCold   . . .        (shield currently unavailable)
rNeg    . . .        c - +0 leather armour {rPois}
rPois   +            (no helmet)
rElec   .            (no cloak)
rCorr   .            (no gloves)
SInv    .            (no boots)
Will    +....        (no amulet)
Stlth   +            i - ring of willpower
HPRegen 0.24/turn    (no ring)
MPRegen 0.10/turn

%: no passive effects
@: on fire, glowing
A: no striking features
a: no special abilities


You were on level 3 of the Dungeon.
You visited 1 branch of the dungeon, and saw 3 of its levels.

You collected 101 gold pieces.


   Skills:
 - Level 1.5 Fighting
 + Level 7.7 Ranged Weapons
 - Level 2.4 Dodging
 - Level 1.2 Stealth


You had 3 spell levels left.
You didn't know any spells.
Your spell library was empty.

Inventory:

Hand Weapons
 a - a +0 shortbow (weapon)
Armour
 c - a +0 leather armour of poison resistance (worn)
 l - a +0 ring mail
Jewellery
 i - a ring of willpower (left hand)
Scrolls
 e - 2 scrolls of vulnerability {unknown}
 g - a scroll of immolation {unknown}
Potions
 b - a potion of haste {unknown}
 d - 3 potions of enlightenment
 f - a potion of attraction {unknown}
 j - a potion of mutation {unknown}
 k - 3 potions of curing {unknown}

Dungeon Overview and Level Annotations

Branches:
Dungeon (3/15)

Altars:
Qazlal

Annotations:
D:3 2 transporters


Message History

The bombardier beetle is heavily wounded.
You shoot an arrow.
The arrow hits the bombardier beetle but does no damage.
The bombardier beetle is heavily wounded.
You shoot an arrow.
The arrow barely misses the bombardier beetle.
You shoot an arrow.
The arrow hits the bombardier beetle but does no damage.
The bombardier beetle is heavily wounded.
The bombardier beetle sprays incendiary fluid at you.
The burning spray hits you.
You are covered in liquid fire!
You shoot an arrow. The arrow hits the bombardier beetle.
The bombardier beetle is heavily wounded.
The liquid fire burns you!
You shoot an arrow. The arrow hits the bombardier beetle.
The bombardier beetle is heavily wounded.
The liquid fire burns you!
The bombardier beetle sprays incendiary fluid at you.
The burning spray hits you.
You are even more covered in liquid fire!
You shoot an arrow.
The arrow hits the bombardier beetle but does no damage.
The bombardier beetle is heavily wounded.
The liquid fire burns you!
You shoot an arrow.
The arrow hits the bombardier beetle but does no damage.
The bombardier beetle is heavily wounded.
The liquid fire burns you!
You shoot an arrow. The arrow hits the bombardier beetle!
The bombardier beetle is almost dead.
The liquid fire burns you!
The bombardier beetle sprays incendiary fluid at you.
The burning spray hits you.
You are even more covered in liquid fire!
You shoot an arrow.
The arrow barely misses the bombardier beetle.
The liquid fire burns you! The bombardier beetle bites you.
You die...

### .## ##.## ..#
##...##### ..# ##.....##.#
..# #.......... ..#
##.....##.# ..# ##...#####
###B.# ####.## #+##.@..#
#.....# #...##.## #.##..#
#......# #.##..# #
##.#.#### #.##..# ##
####....########.....####.
+.......................+.
###.....###.####.....####.
#.#.#.# #.# #.##.## #
#.###.# #.# #.#### #


You could see a bombardier beetle.

Vanquished Creatures
  Jessica (D:2)
  An adder (D:2)
  A ribbon worm (D:2)
  2 dart slugs
  9 endoplasms
  2 giant cockroaches
  3 goblins (D:1)
  6 hobgoblins
  3 kobolds
  3 quokkas
  4 ball pythons (D:1)
  3 bats
  2 frilled lizards (D:1)
  3 rats
43 creatures vanquished.

Notes
Turn   | Place    | Note
-------+----------+-------------------------------------------
     0 | D:1      | qw the Deep Elf Hunter began the quest for the Orb.
     0 | D:1      | Reached XP level 1. HP: 12/12 MP: 3/3
     0 | D:1      | 0 ||| qw: Version: 0.3-a-155-g5e7d8dd
     0 | D:1      | 0 ||| qw: Game counter: 2951
     0 | D:1      | 0 ||| qw: Melee chars always use a shield: true
     0 | D:1      | 0 ||| qw: God list: Okawaru
     0 | D:1      | 0 ||| qw: Allow faded altars: false
     0 | D:1      | 0 ||| qw: Do Orc after clearing Dungeon:15 true
     0 | D:1      | 0 ||| qw: Do second Lair branch before Depths: true
     0 | D:1      | 0 ||| qw: Lair rune preference: random
     0 | D:1      | 0 ||| qw: Goals: Normal
     0 | D:1      | 0 ||| PLANNING D:1-11
    64 | D:1      | Reached skill level 6 in Ranged Weapons
    64 | D:1      | Reached XP level 2. HP: 15/16 MP: 4/4
   106 | D:1      | Found a faded altar of an unknown god.
   648 | D:1      | 648 ||| UPGRADING to +0 ring mail.
   658 | D:1      | 658 ||| DROPPING +0 leather armour.
   659 | D:1      | 659 ||| UPGRADING to ring of willpower.
   660 | D:1      | 660 ||| READING 2 scrolls labelled ADOAMO YSUMU.
   660 | D:1      | 660 ||| IDENTIFYING orange potion
   661 | D:1      | 661 ||| READING scroll of identify.
   661 | D:1      | 661 ||| IDENTIFYING red potion
   662 | D:1      | 662 ||| DRINKING 2 white potions.
   663 | D:1      | 663 ||| DRINKING 2 green potions.
   664 | D:1      | 664 ||| DROPPING scroll of butterflies.
   665 | D:1      | 665 ||| DROPPING potion of lignification.
   666 | D:1      | 666 ||| DROPPING potion of degeneration.
   667 | D:1      | 667 ||| DROPPING potion of brilliance.
   702 | D:2      | Reached XP level 3. HP: 20/20 MP: 5/5
   728 | D:2      | Noticed Jessica
   736 | D:2      | 736 ||| FLEEEEING.
   748 | D:2      | Killed Jessica
   749 | D:2      | Reached skill level 7 in Ranged Weapons
  1187 | D:2      | Reached XP level 4. HP: 23/25 MP: 6/6
  1464 | D:2      | 1464 ||| UPGRADING to +0 leather armour of poison
                  | resistance.
  1474 | D:2      | 1474 ||| READING scroll labelled FIUGGU QERCH.
  1475 | D:2      | 1475 ||| READING scroll labelled ROADWI ICAHIR.
  1510 | D:3      | Found a transporter.
  1520 | D:3      | Found a transporter.
  1574 | D:3      | Found a stormy altar of Qazlal.
  1631 | D:3      | Noticed a small abomination
  2050 | D:3      | HP: 6/25 [burnt (3)]
  2051 | D:3      | HP: 2/25 [burnt (5)]
  2051 | D:3      | Slain by a bombardier beetle

Levels and vault maps discovered:
D:1:      evilmike_arrival_crescent, layout_basic,
          shapermc_ecumenical_altar_flowoftime
D:2:      layout_basic, uniq_jessica
D:3:      layout_loops_corners, mainiacjoe_overflow_chevrons,
          gammafunk_temple_overflow_statue, gammafunk_ghost_abyssal_escape

Skill      XL: |  1  2  3 |
---------------+----------+-----
Ranged Weapons | 6 7 |  7.7
Fighting       | |  1.5
Dodging        | |  2.4
Stealth        | |  1.2

Action                     |  1- 3 |  4- 6 || total
---------------------------+-------+-------++-------
   Fire: Shortbow          |    84 |    60 ||   144
    Use: Scroll            |     2 |     2 ||     4
         Potion            |     2 |       ||     2
 Armour: Leather armour    |     4 |     7 ||    11
         Ring mail         |     7 |    11 ||    18
  Dodge: Dodged            |    16 |    19 ||    35

Table legend:
 A = Non-vault XP
 B = Vault XP
 C = Vault XP percentage of total XP
 D = Non-vault monster count
 E = Vault monster count
 F = Vault count percentage of total count
                 A         B        C        D         E       F
            +---------+---------+-------+---------+---------+-------
      Total |      91 |      37 |  28.9 |      42 |       1 |   2.3
            +---------+---------+-------+---------+---------+-------
        D:1 |      40 |       0 |   0.0 |      23 |       0 |   0.0
        D:2 |      36 |      37 |  50.7 |      12 |       1 |   7.7
        D:3 |      15 |       0 |   0.0 |       7 |       0 |   0.0
            +---------+---------+-------+---------+---------+-------
